 Dungeon Crawl Stone Soup version 0.30-a0-457-g4b7bca3bfa (webtiles) character file.

Game seed: 18039746265389857669

89 Bnni the Grave Robber (level 4, -1/33 HPs)
             Began as a Demonspawn Necromancer on Dec 13, 2022.
             Slain by an orc wizard
             ... wielding a +0 dagger
              (3 damage)
             ... on level 3 of the Dungeon.
             The game lasted 00:05:03 (1690 turns).

Bnni the Grave Robber (Demonspawn Necromancer)      Turns: 1690, Time: 00:05:04

Health: -1/33      AC:  3    Str: 10    XL:     4   Next: 31%
Magic:  0/7        EV: 12    Int: 16    God:
Gold:   74         SH:  0    Dex: 14    Spells: 4/8 levels left

rFire   . . .      SeeInvis .    m - +0 dagger
rCold   . . .      Faith    .    (no shield)
rNeg    . . .      Spirit   .    d - +0 leather armour
rPois   .          Reflect  .    (helmet restricted)
rElec   .          Harm     .    (no cloak)
rCorr   .          Rampage  .    (no gloves)
Will    .....                    (no boots)
Stlth   ++........               f - amulet of regeneration
HPRegen 1.05/turn                (no ring)
MPRegen 0.10/turn                (no ring)

@: brilliant, hasted, very quick
A: sturdy frame 1, demonic magic 1, weakness stinger 1, antennae 1, hooves 1
a: no special abilities


You were on level 3 of the Dungeon.
You visited 1 branch of the dungeon, and saw 3 of its levels.

You collected 74 gold pieces.

Inventory:

Hand Weapons
 e - a +0 quarterstaff
 m - a +0 dagger (weapon)
Missiles
 n - 6 poisoned darts
Armour
 d - a +0 leather armour (worn)
Jewellery
 f - an amulet of regeneration (around neck)
Scrolls
 a - 2 scrolls of identify {unknown}
 g - a scroll of magic mapping {unknown}
 k - a scroll of teleportation {unknown}
 o - a scroll of enchant weapon {unknown}
Potions
 b - a potion of magic
 i - a potion of brilliance
 l - a potion of cancellation {unknown}


   Skills:
 + Level 1.6 Fighting
 * Level 0.6 Short Blades
 - Level 1.7 Dodging
 - Level 1.7 Stealth
 + Level 2.6 Spellcasting
 * Level 5.4 Necromancy


You had 4 spell levels left.
You knew the following spells:

 Your Spells              Type           Power      Damage    Failure   Level
a - Necrotise             Necr           100%       1d9       2%          1
c - Vampiric Draining     Necr           29%        2d8       7%          3

Your spell library contained the following spells:

 Spells                   Type           Power      Damage    Failure   Level
 Summon Small Mammal      Summ           12%        N/A       22%         1
 Animate Dead             Necr           29%        N/A       22%         4
 Call Canine Familiar     Summ           3%         N/A       54%         3
 Summon Guardian Golem    Hex/Summ       3%         N/A       54%         3
 Agony                    Necr           29%        N/A       52%         5


Dungeon Overview and Level Annotations

Branches:
Dungeon (3/15)

Altars:
Gozag


Innate Abilities, Weirdness & Mutations

Your movements are slightly less encumbered by armour. (ER -2)
Spells you cast may paralyse adjacent enemies.
You have a small tail.
You have a pair of small antennae on your head.
You have large cloven feet.


Message History

Your orc skeleton hits the orc priest but does no damage.
It was a potion of curing.
You feel better.
The orc priest hits you with a +2 short sword of holy wrath.
You convulse.
Something hits you.
Your orc skeleton barely misses the orc priest.
Casting: Necrotise (safe; 2% risk of failure)
Confirm with . or Enter, or press ? or * to list all spells.
Aiming: Necrotise (safe; 2% risk of failure)
Press: ? - help, Shift-Dir - straight line, f - orc priest
Aim: an orc priest, wielding a +2 short sword of holy wrath (moderately wounded, ally target, chance to affect: 83%)
You feel a surge of power!
The orc priest writhes in agony.
Malevolent energies surge around you.
Unknown command.
Your orc skeleton barely misses something.
You hit the orc priest but do no damage.
The orc priest is heavily wounded.
You hit the orc priest.
The orc priest is severely wounded.
Your orc skeleton closely misses something.
You hit the orc priest.
The orc priest is almost dead.
You closely miss the orc priest.
The orc priest is almost dead.
The orc priest hits you with a +2 short sword of holy wrath.
You convulse.
You closely miss the orc priest.
The orc priest is almost dead.
The orc priest hits you with a +2 short sword of holy wrath.
* * * LOW HITPOINT WARNING * * *
You convulse.
* * * LOW HITPOINT WARNING * * *
Something hits you.
* * * LOW HITPOINT WARNING * * *
You barely miss the orc priest.
The orc priest is almost dead.
It was a potion of mutation.
You feel extremely strange. A pair of antennae grows on your head!
Your feet thicken and deform.
The orc priest looks encouraged for a moment.
Something hits you.
You die...

#............###...
#..................
#...........####....
#...........####....
#...................
.......
#...........#####...
.......
####.##.###...##
....... ## ###..###
....... ##.@o# o....
###{### ... #.Z)##<#
###.)..# ###..# ##.#
... ....# ##[.#


You could see an orc priest (ally target) and a friendly orc skeleton.

Vanquished Creatures
  4 adders (D:2)
  A dart slug (D:1)
  3 orcs (D:3)
  5 ball pythons
  2 endoplasms
  2 giant cockroaches
  2 goblins (D:1)
  4 hobgoblins
  7 jackals (D:1)
  2 quokkas (D:1)
  7 bats
  2 frilled lizards
  2 kobolds
  5 rats
48 creatures vanquished.

Vanquished Creatures (collateral kills)
  A jackal (D:1)
1 creature vanquished.

Grand Total: 49 creatures vanquished

Notes
Turn   | Place    | Note
-------+----------+-------------------------------------------
     0 | D:1      | Bnni the Demonspawn Necromancer began the quest for the
                  | Orb.
     0 | D:1      | Reached XP level 1. HP: 13/13 MP: 3/3
   261 | D:1      | Gained mutation: You have a small tail. [demonic ancestry]
   261 | D:1      | Reached XP level 2. HP: 20/20 MP: 5/5
   324 | D:1      | Reached skill level 1 in Fighting
   407 | D:1      | Reached skill level 5 in Necromancy
   413 | D:1      | Gained mutation: Spells you cast may paralyse adjacent
                  | enemies. [demonic ancestry]
   413 | D:1      | Reached XP level 3. HP: 26/26 MP: 6/6
   758 | D:2      | Learned a level 3 spell: Vampiric Draining
  1330 | D:2      | Gained mutation: Your movements are slightly less
                  | encumbered by armour. (ER -2) [demonic ancestry]
  1330 | D:2      | Reached XP level 4. HP: 32/32 MP: 7/7
  1587 | D:3      | Found an opulent altar of Gozag.
  1688 | D:3      | HP: 1/33 [something (1)]
  1690 | D:3      | Gained mutation: You have a pair of small antennae on your
                  | head. [potion of mutation]
  1690 | D:3      | Gained mutation: You have large cloven feet. [potion of
                  | mutation]
  1690 | D:3      | Slain by an orc wizard

Illustrated notes

Levels and vault maps discovered:
D:1:      psy_arrival_conway, layout_rooms
D:2:      layout_basic, basic_altar
D:3:      layout_basic, grunt_gozag_statues, mainiacjoe_overflow_boulevard,
          dreamdust_ecumenical_altar_drowned_temple

Skill      XL: |  1  2 |
---------------+-------+-----
Fighting       | 1 |  1.6
Necromancy     | 5 |  5.4
Short Blades   | |  0.6
Dodging        | |  1.7
Stealth        | |  1.7
Spellcasting   | |  2.6

Action                   |  1- 3 |  4- 6 || total
-------------------------+-------+-------++-------
Melee: Quarterstaff      |    82 |       ||    82
       Unarmed           |     1 |       ||     1
       Tailslap          |     9 |     3 ||    12
       Dagger            |    21 |    31 ||    52
Throw: Dart              |       |     1 ||     1
 Cast: Necrotise         |    11 |     6 ||    17
       Vampiric Draining |     1 |     3 ||     4
  Use: Potion            |       |     4 ||     4
 Stab: Sleeping          |     2 |     1 ||     3
       Paralysed         |     1 |     1 ||     2
Armor: Leather armour    |    44 |     5 ||    49
Dodge: Dodged            |    66 |    16 ||    82

Table legend: (Time is in decaauts)
 A = Elapsed time spent in this place.
 B = Non-inter-level travel time spent in this place.
 C = Inter-level travel time spent in this place.
 D = Time resting spent in this place.
 E = Time spent auto-exploring this place.
 F = Levels seen in this place.
 G = Mean time per level.
                   A        B        C        D        E       F      G
               +--------+--------+--------+--------+--------+-----+--------+
         Total |   1714 |   1567 |    147 |      4 |   1155 |   3 |  571.3 |
       Dungeon |   1714 |   1567 |    147 |      4 |   1155 |   3 |  571.3 |
               +--------+--------+--------+--------+--------+-----+--------+

Top non-repeatable levels by time:
     D:2: 903 daAuts
     D:1: 664 daAuts
     D:3: 146 daAuts
